[Event "Titled Tuesday Blitz April 05 Early 2022"]
[White "Hasangatin, Ramil"]
[Black "Andreikin, Dmitry"]
[WhiteFideId "4122160"]
[BlackFideId "4158814"]
[WhiteElo "2375"]
[BlackElo "2736"]
[Result "0-1"]
[Round "02"]
[TimeControl "180+1"]
[Date "2022.04.05"]
[WhiteClock "0:00:04"]
[BlackClock "0:01:55"]

1. e4 c5 2. Nf3 e6 3. g3 Nc6 4. Bg2 Nf6 5. d3 d5 6. Qe2 Be7 7. O-O O-O 8. e5 Nd7 9. c4 b5 10. b3 bxc4 11. bxc4 Ba6 12. Nc3 Nb6 13. Nb5 Qd7 14. a4 Rfd8 15. Bf4 Na5 16. Nd2 Rac8 17. Rfd1 h6 18. h4 Nc6 19. Nb3 Nb4 20. h5 Nxa4 21. Bd2 Bxb5 22. cxb5 Qxb5 23. Qg4 Kf8 24. Bxb4 cxb4 25. Nd4 Qd7 26. Nxe6+ fxe6 27. Qg6 Nc3 28. Re1 b3 29. Bh3 Rc6 30. Re3 b2 31. Rf3+ Kg8 32. Re1 Bg5 0-1


[Site "https://www.chess.com"]

[Event "Titled Tuesday Blitz April 05 Early 2022"]
[White "Hoffmann, Asa"]
[Black "Seemann, Jakub"]
[WhiteFideId "2001470"]
[BlackFideId "21874697"]
[WhiteElo "2117"]
[BlackElo "2003"]
[Result "0-1"]
[Round "02"]
[TimeControl "180+1"]
[Date "2022.04.05"]
[WhiteClock "0:00:05"]
[BlackClock "0:01:36"]

1. d4 g6 2. e4 Bg7 3. Be3 d6 4. Qd2 Nf6 5. f3 c6 6. Nc3 b5 7. O-O-O Qa5 8. Kb1 Nbd7 9. a3 Bb7 10. Nge2 Qc7 11. Nc1 a5 12. Nd3 b4 13. axb4 axb4 14. Nxb4 Qa5 15. Nba2 O-O 16. Bh6 Rfb8 17. Bxg7 Kxg7 18. Bc4 Nb6 19. Bb3 Ba6 20. e5 dxe5 21. dxe5 Qxe5 22. Qd4 Qxd4 23. Rxd4 c5 24. Rd2 Bc8 25. Nc1 c4 26. Ba2 Be6 27. Re1 Nfd5 28. Ne4 c3 29. Rxd5 Nxd5 30. Bb3 cxb2 31. Kxb2 Nc7 32. Nc5 Bxb3 33. N1xb3 e6 34. c4 Rb4 35. Kc3 Rab8 36. Rd1 Na6 37. Rd7 Rxb3+ 38. Nxb3 Rxb3+ 39. Kxb3 Nc5+ 40. Kb4 Nxd7 41. Kb5 Kf6 42. c5 Ke7 43. c6 Ne5 44. Kb6 Nc4+ 45. Kb7 f5 46. c7 Nd6+ 47. Kc6 e5 48. Kd5 e4 49. fxe4 fxe4 50. c8=N+ Nxc8 51. Kxe4 Kf6 52. Kf4 Ne7 53. h4 h6 54. g4 g5+ 55. hxg5+ hxg5+ 0-1


[Site "https://www.chess.com"]

[Event "Titled Tuesday Blitz April 05 Early 2022"]
[White "Horcajuelo Rocamora, Martin"]
[Black "Pinheiro, Iung Alicio de O."]
[WhiteFideId "24573027"]
[BlackFideId "2104350"]
[WhiteElo "1822"]
[BlackElo "2505"]
[Result "0-1"]
[Round "02"]
[TimeControl "180+1"]
[Date "2022.04.05"]
[WhiteClock "0:00:05"]
[BlackClock "0:00:13"]

1. e4 c5 2. Nf3 Nc6 3. d4 cxd4 4. Nxd4 Nf6 5. Nc3 e5 6. Ndb5 d6 7. Bg5 a6 8. Na3 b5 9. Nd5 Be7 10. Bxf6 Bxf6 11. c3 O-O 12. Nc2 Rb8 13. Nce3 Bg5 14. g3 Ne7 15. Nxe7+ Qxe7 16. Nd5 Qb7 17. Bg2 Be6 18. O-O Bxd5 19. exd5 a5 20. h4 Bd8 21. h5 f5 22. g4 g6 23. hxg6 hxg6 24. gxf5 gxf5 25. Qf3 Qg7 26. Rfe1 Bb6 27. Kf1 b4 28. cxb4 axb4 29. Rac1 Bd4 30. Rc6 e4 31. Qg3 Qxg3 32. fxg3 Be5 33. Kf2 Ra8 34. a3 b3 35. Re3 Bd4 36. Rxd6 Rac8 37. Rc6 Rxc6 38. dxc6 Rc8 39. Ke2 Bxe3 40. Kxe3 Rxc6 41. Bh3 Rc2 42. Bxf5 Rxb2 43. Kxe4 Kg7 44. Kd4 Ra2 45. Kc3 b2 46. g4 Rxa3+ 47. Kxb2 Rg3 48. Kc2 Kf6 49. Kd2 Ke5 50. Ke2 Kf4 51. Kf2 Ra3 52. Ke2 Ra2+ 53. Kd3 Ra4 54. Kc3 Kg5 55. Kd3 Rb4 56. Ke3 Rb8 57. Ke4 Rh8 58. Kd5 Rh1 59. Ke6 Re1+ 60. Kd5 Ra1 61. Kd4 Ra5 62. Ke3 Ra4 63. Ke2 Kf4 64. Kf2 Ra2+ 65. Ke1 Kf3 66. Kd1 Rh2 67. g5 Kf4 68. Bd3 Kxg5 69. Be2 Kf4 70. Bc4 Ke3 71. Kc1 Kd4 72. Be6 Kc3 73. Kb1 Re2 74. Bf5 Kb3 75. Ka1 Ka3 76. Bb1 Re7 77. Bh7 Kb3 78. Bg8+ Kc3 79. Kb1 Rb7+ 80. Kc1 Rg7 81. Kb1 Rxg8 82. Ka2 Ra8+ 0-1


[Site "https://www.chess.com"]

[Event "Titled Tuesday Blitz April 05 Early 2022"]
[White "Ianov, Viktor"]
[Black "Barbashin, Igor"]
[WhiteFideId "14102730"]
[BlackFideId "4155718"]
[WhiteElo "2161"]
[BlackElo "2138"]
[Result "1-0"]
[Round "02"]
[TimeControl "180+1"]
[Date "2022.04.05"]
[WhiteClock "0:02:43"]
[BlackClock "0:01:33"]

1. Nf3 c5 2. g3 Nf6 3. Bg2 g6 4. b3 Bg7 5. Bb2 O-O 6. c4 Nc6 7. O-O d5 8. cxd5 Nxd5 9. Bxg7 Kxg7 10. d4 cxd4 11. Nxd4 Nxd4 12. Qxd4+ Nf6 13. Qe5 Qb6 14. Nc3 Rd8 15. Rfd1 Be6 16. Na4 Qb4 17. Nc5 Rxd1+ 18. Rxd1 Bd5 19. Qxe7 Bxg2 20. Ne6+ Kg8 21. Qxb4 1-0


[Site "https://www.chess.com"]

[Event "Titled Tuesday Blitz April 05 Early 2022"]
[White "Iljin, Timofey"]
[Black "Kostina, Nadezhda"]
[WhiteFideId "14110180"]
[BlackFideId "4195876"]
[WhiteElo "2396"]
[BlackElo "1982"]
[Result "1-0"]
[Round "02"]
[TimeControl "180+1"]
[Date "2022.04.05"]
[WhiteClock "0:00:20"]
[BlackClock "0:00:02"]

1. e4 c5 2. c3 Nf6 3. e5 Nd5 4. d4 cxd4 5. cxd4 e6 6. Nf3 d6 7. Bd3 Bd7 8. O-O Bc6 9. exd6 Bxd6 10. Nc3 Nxc3 11. bxc3 Nd7 12. h3 O-O 13. Bg5 Bxf3 14. Bxh7+ Kh8 15. Qxf3 Qxg5 16. Be4 Nf6 17. Bxb7 Rab8 18. Rab1 Qf4 19. g3 Qxf3 20. Bxf3 Rbc8 21. Rfc1 Rc4 22. Be2 Ra4 23. Rc2 Rc8 24. c4 e5 25. c5 Bf8 26. dxe5 Bxc5 27. Bb5 Ra3 28. exf6 Rxg3+ 29. Kh2 Rf3 30. fxg7+ Kxg7 31. Rbc1 Bd6+ 32. Kg2 Rxc2 33. Rxc2 Ra3 34. Bc4 f5 35. Bb3 Ra5 36. Rc6 Be5 37. h4 Bf6 38. h5 Bg5 39. Rg6+ Kh7 40. Rxg5 Kh6 41. Rg3 Kxh5 42. Rf3 Kg5 43. Be6 f4 44. Bb3 Rc5 45. Rd3 1-0


[Site "https://www.chess.com"]

[Event "Titled Tuesday Blitz April 05 Early 2022"]
[White "Ilyasli, Ughur"]
[Black "Sargsyan, Anna M."]
[WhiteFideId "13416197"]
[BlackFideId "13308130"]
[WhiteElo "2045"]
[BlackElo "2271"]
[Result "0-1"]
[Round "02"]
[TimeControl "180+1"]
[Date "2022.04.05"]
[WhiteClock "0:00:11"]
[BlackClock "0:01:28"]

1. d4 d5 2. c4 c6 3. Nf3 Nf6 4. e3 Bg4 5. Qb3 Qb6 6. c5 Qc7 7. Ne5 Bf5 8. Be2 h5 9. Nc3 e6 10. f4 Nbd7 11. O-O Ne4 12. Nxe4 Bxe4 13. Qd1 g6 14. Bd2 b6 15. b4 a5 16. cxb6 Nxb6 17. bxa5 Nd7 18. a6 Nxe5 19. fxe5 h4 20. h3 Bh6 21. Qa4 O-O 22. Rac1 Rfc8 23. Rc5 Qb6 24. Rfc1 Qb2 25. Rxc6 Qxd2 26. Rxc8+ Rxc8 27. Rxc8+ Kh7 28. Qd1 Qxe3+ 29. Kf1 Bxg2+ 30. Kxg2 Qg3+ 31. Kf1 Qxh3+ 32. Ke1 Qg3+ 33. Kf1 Be3 34. Qe1 Qg1# 0-1


[Site "https://www.chess.com"]

[Event "Titled Tuesday Blitz April 05 Early 2022"]
[White "Jaferian, Koosha"]
[Black "Dilmukhametov, Artur"]
[WhiteFideId "12507440"]
[BlackFideId "24179922"]
[WhiteElo "2030"]
[BlackElo "2244"]
[Result "1-0"]
[Round "02"]
[TimeControl "180+1"]
[Date "2022.04.05"]
[WhiteClock "0:02:26"]
[BlackClock "0:02:05"]

1. Nf3 Nf6 2. b3 d5 3. Bb2 Nc6 4. e3 Bg4 5. Be2 e6 6. d4 Bd6 7. O-O Qd7 8. c4 O-O-O 9. Nc3 Bxf3 10. Bxf3 h5 11. c5 Be7 12. a3 Rde8 13. b4 a6 14. Qb3 Na7 15. a4 c6 16. b5 e5 17. Be2 h4 18. b6 Kb8 19. bxa7+ Kxa7 20. Qb6+ Kb8 21. h3 e4 22. Bxa6 g5 23. Be2 Bd8 24. Qb4 Bc7 25. a5 Ka8 26. a6 Bb8 27. axb7# 1-0


[Site "https://www.chess.com"]

[Event "Titled Tuesday Blitz April 05 Early 2022"]
[White "Jumabayev, Rinat"]
[Black "Dang, Hoang Son"]
[WhiteFideId "13702661"]
[BlackFideId "12402435"]
[WhiteElo "2561"]
[BlackElo "2252"]
[Result "0-1"]
[Round "02"]
[TimeControl "180+1"]
[Date "2022.04.05"]
[WhiteClock "0:00:04"]
[BlackClock "0:00:06"]

1. d4 Nf6 2. c4 g6 3. g3 Bg7 4. Bg2 O-O 5. Nf3 d6 6. O-O Nbd7 7. Nc3 e5 8. e4 exd4 9. Nxd4 Nc5 10. Re1 Ng4 11. Nb3 Ne5 12. Qe2 Bg4 13. f3 Be6 14. Nd5 c6 15. Ne3 Qb6 16. Nd2 Ncd3 17. Rd1 f5 18. exf5 Bxf5 19. Kh1 Rae8 20. Ndf1 Be4 21. f4 Bxg2+ 22. Kxg2 Rxf4 23. Rxd3 Nxd3 24. Qxd3 Rd4 25. Qb3 Qc5 26. a4 b6 27. Qc2 d5 28. cxd5 Qxc2+ 29. Nxc2 Re2+ 30. Kf3 Rxc2 31. Ne3 Rc5 32. a5 cxd5 33. axb6 axb6 34. Ke2 Rc8 35. Ng2 Re8+ 36. Be3 Rb4 37. Kf3 d4 38. Bf4 Rxb2 39. Nh4 d3 40. Rd1 Rb3 41. Kg4 Bf6 42. Nf3 Re2 43. h4 Kg7 44. h5 gxh5+ 45. Kxh5 Rf2 46. Kg4 h5+ 47. Kxh5 Rxf3 48. Kg4 Rf2 49. Rc1 Kf7 50. Rc7+ Ke6 51. Rc6+ Kf7 52. Rc7+ Ke8 53. Rc8+ Kd7 54. Rc7+ Kd8 55. Rc6 Be7 56. Rc4 Ke8 57. Re4 Kf7 58. Rd4 d2 59. Bxd2 Bc5 60. Rd8 Ke7 61. Bg5+ Ke6 62. Re8+ Kd7 63. Rd8+ Kc7 64. Rd1 Bd6 65. Rc1+ Kb7 66. Bh4 Rg2 67. Rd1 Bxg3 68. Kh3 Bxh4+ 69. Kxg2 Bf6 70. Rd6 Be5 71. Re6 Bc7 72. Kf2 b5 73. Ke2 Ba5 74. Kd1 Rb2 75. Kc1 Bc3 76. Rd6 b4 77. Rg6 Re2 78. Kd1 Rd2+ 79. Kc1 b3 80. Rg3 b2+ 0-1


[Site "https://www.chess.com"]

[Event "Titled Tuesday Blitz April 05 Early 2022"]
[White "Kaminski, Victor"]
[Black "Shyaamnikhil P"]
[WhiteFideId "1131630"]
[BlackFideId "5024218"]
[WhiteElo "2353"]
[BlackElo "2713"]
[Result "0-1"]
[Round "02"]
[TimeControl "180+1"]
[Date "2022.04.05"]
[WhiteClock "0:00:02"]
[BlackClock "0:00:25"]

1. e4 c5 2. Nf3 a6 3. c4 e6 4. Nc3 d6 5. d4 cxd4 6. Nxd4 Nf6 7. Be2 b6 8. O-O Bb7 9. f3 Nbd7 10. Be3 Be7 11. Rc1 O-O 12. Qb3 Re8 13. Rfd1 Rb8 14. Kh1 Bf8 15. Qa4 d5 16. Nc6 Bxc6 17. Qxc6 dxe4 18. Nxe4 Qc8 19. Qxc8 Rexc8 20. Bf4 Ra8 21. Nd6 Rc6 22. Ne4 Be7 23. Kg1 Kf8 24. b3 Ke8 25. Bd3 Nh5 26. Be3 f5 27. Ng3 Nxg3 28. hxg3 Bc5 29. Kf2 Rd8 30. Bc2 Bxe3+ 31. Kxe3 Nf6 32. Rxd8+ Kxd8 33. Rd1+ Ke7 34. Kf4 h6 35. Ke3 a5 36. Rh1 Rd6 37. Bd3 Nd7 38. Ke2 Nc5 39. Bc2 Kf6 40. Rh5 Nd7 41. Rh1 Ne5 42. Rb1 Nc6 43. Bd3 Nd4+ 44. Ke3 e5 45. a3 Ne6 46. b4 f4+ 47. gxf4 exf4+ 48. Ke2 axb4 49. axb4 Nd4+ 50. Kf2 Nxf3 51. Kxf3 Rxd3+ 52. Kxf4 Rd4+ 53. Ke3 Rxc4 54. b5 Rc5 55. Kd4 Kg5 56. Rb3 Kg4 57. Ke4 g5 58. Kd4 h5 59. Ke4 h4 60. Kd4 Kf4 61. Rf3+ Kg4 62. Rb3 Kf5 63. Rf3+ Kg6 64. Rb3 g4 65. Ke4 Kg5 66. Kd4 Kf4 67. Kd3 Kg3 68. Kd4+ Kxg2 0-1


[Site "https://www.chess.com"]

[Event "Titled Tuesday Blitz April 05 Early 2022"]
[White "Kamsky, Gata"]
[Black "Dukic, Zachary"]
[WhiteFideId "2000024"]
[BlackFideId "2617188"]
[WhiteElo "2645"]
[BlackElo "2086"]
[Result "1-0"]
[Round "02"]
[TimeControl "180+1"]
[Date "2022.04.05"]
[WhiteClock "0:00:44"]
[BlackClock "0:00:03"]

1. d4 Nf6 2. Bf4 g6 3. c3 Bg7 4. Nf3 O-O 5. Nbd2 d6 6. h3 c5 7. dxc5 dxc5 8. e4 Nc6 9. Be2 b6 10. e5 Nd5 11. Bg3 Bb7 12. Qa4 Qe8 13. Qh4 Rd8 14. O-O Nc7 15. Ne4 Ne6 16. Bc4 Nc7 17. e6 Nxe6 18. Bxe6 fxe6 19. Nfg5 h6 20. Nxe6 Qf7 21. Nxd8 Rxd8 22. Rad1 Rf8 23. Qg4 Bc8 24. Qe2 Qxa2 25. Rfe1 Bf5 26. Qb5 Rc8 27. Bh2 Qf7 28. Bg3 Be6 29. Nd2 Bd5 30. Qe2 Kh7 31. Nf1 Bc4 32. Qg4 Bb3 33. Qxc8 1-0


[Site "https://www.chess.com"]

[Event "Titled Tuesday Blitz April 05 Early 2022"]
[White "Khamdamova, Afruza"]
[Black "Shandrygin, Nikita"]
[WhiteFideId "14210444"]
[BlackFideId "24198668"]
[WhiteElo "1660"]
[BlackElo "2323"]
[Result "0-1"]
[Round "02"]
[TimeControl "180+1"]
[Date "2022.04.05"]
[WhiteClock "0:00:52"]
[BlackClock "0:01:38"]

1. e4 c5 2. Nf3 e6 3. d4 cxd4 4. Nxd4 Nf6 5. Nc3 Nc6 6. Nxc6 bxc6 7. e5 Nd5 8. Ne4 Qc7 9. f4 Qb6 10. c4 Bb4+ 11. Ke2 f5 12. exf6 Nxf6 13. Nxf6+ gxf6 14. Be3 Bc5 15. Bxc5 Qxc5 16. Qd3 d5 17. Rc1 Ba6 18. b3 Ke7 19. Qe3 d4 20. Qd3 Rad8 21. g3 Qh5+ 22. Kd2 Qa5+ 23. Kd1 Qxa2 24. Bh3 c5 25. Qe4 Qxb3+ 26. Rc2 Rd6 27. Re1 d3 0-1


[Site "https://www.chess.com"]

[Event "Titled Tuesday Blitz April 05 Early 2022"]
[White "Kobalia, Mikhail"]
[Black "Tan, Jun Ying"]
[WhiteFideId "4119150"]
[BlackFideId "5710413"]
[WhiteElo "2667"]
[BlackElo "1827"]
[Result "1-0"]
[Round "02"]
[TimeControl "180+1"]
[Date "2022.04.05"]
[WhiteClock "0:00:52"]
[BlackClock "0:00:40"]

1. e4 c5 2. Nf3 Nc6 3. Bb5 d6 4. O-O Bd7 5. Re1 Nf6 6. c3 a6 7. Bf1 Bg4 8. h3 Bxf3 9. Qxf3 e6 10. d3 Be7 11. Qe2 O-O 12. Nd2 b5 13. Nf3 d5 14. e5 Nd7 15. d4 c4 16. Nh2 b4 17. Qc2 bxc3 18. bxc3 Qa5 19. Bd2 Rfb8 20. f4 Ba3 21. Rab1 Rb5 22. Nf3 Rab8 23. f5 Rxb1 24. Rxb1 Rxb1 25. Qxb1 Qb5 26. Qc2 exf5 27. Qxf5 Nf8 28. Qc2 Nd8 29. g3 Nde6 30. h4 Qb2 31. Qxb2 Bxb2 32. Kf2 Nd7 33. Ke2 Nb6 34. Kd1 Kf8 35. Kc2 Ba3 36. Bh3 Ke7 37. g4 h6 38. g5 h5 39. Ne1 Nd7 40. Ng2 Ndf8 41. Bf5 g6 42. Bh3 Nd7 43. Be1 Nb6 44. Bg3 Nd7 45. Ne3 Nb6 46. Bg2 Nc7 47. e6 Nxe6 48. Nxd5+ Nxd5 49. Bxd5 Bd6 50. Bxd6+ Kxd6 51. Bxc4 a5 52. Bxe6 Kxe6 53. c4 Kf5 54. c5 Kg4 55. c6 Kxh4 56. c7 Kxg5 57. c8=Q f5 58. Qd8+ Kg4 59. d5 g5 60. d6 h4 61. d7 h3 62. Qh8 Kg3 63. d8=Q g4 64. Qd3+ Kg2 65. Qe2+ Kg3 66. Qc3+ Kh4 67. Qf2+ Kg5 68. Qg7+ Kh5 69. Qf4 g3 70. Qfg5# 1-0


[Site "https://www.chess.com"]

[Event "Titled Tuesday Blitz April 05 Early 2022"]
[White "Kokoszczynski, Jan"]
[Black "Demchenko, Anton"]
[WhiteFideId "1174460"]
[BlackFideId "4160258"]
[WhiteElo "2163"]
[BlackElo "2539"]
[Result "0-1"]
[Round "02"]
[TimeControl "180+1"]
[Date "2022.04.05"]
[WhiteClock "0:00:15"]
[BlackClock "0:00:16"]

1. d4 Nf6 2. c4 e6 3. Nc3 Bb4 4. e3 b6 5. Bd3 Bb7 6. Nf3 Ne4 7. Qc2 f5 8. O-O Bxc3 9. bxc3 O-O 10. Nd2 Qh4 11. f3 Nxd2 12. Qxd2 c5 13. a4 Nc6 14. Ba3 d6 15. Rab1 Na5 16. Qf2 Qxf2+ 17. Rxf2 Ba6 18. Bc1 Bxc4 19. Bxc4 Nxc4 20. e4 fxe4 21. fxe4 Rac8 22. Bg5 h6 23. Bf4 Rf7 24. Re1 Rcf8 25. Bg3 Rxf2 26. Bxf2 Kf7 27. g3 Ke7 28. Kg2 Kd7 29. h4 h5 30. Be3 Kc6 31. Bg5 Rf7 32. Re2 a6 33. g4 g6 34. gxh5 gxh5 35. Kg3 b5 36. axb5+ Kxb5 37. Bd8 a5 38. e5 dxe5 39. dxe5 a4 40. Bf6 a3 41. Kf4 Ra7 42. Re1 a2 43. Ra1 Nd2 44. Kg5 Nb3 45. Rh1 a1=Q 46. Rxa1 Rxa1 47. Kxh5 Rc1 48. Kg6 Rxc3 49. h5 Rh3 50. h6 Nd4 51. h7 c4 52. Bg5 Nf5 53. Kf6 Rxh7 54. Kxe6 Nd4+ 55. Kd5 Nf3 56. Bc1 Rh5 57. Bb2 Nxe5 58. Bxe5 c3 59. Ke4 Rxe5+ 60. Kxe5 c2 0-1


[Site "https://www.chess.com"]

[Event "Titled Tuesday Blitz April 05 Early 2022"]
[White "Kopylov, Alexander A."]
[Black "Li, Xueyi"]
[WhiteFideId "4164857"]
[BlackFideId "8605912"]
[WhiteElo "2436"]
[BlackElo "2091"]
[Result "1/2-1/2"]
[Round "02"]
[TimeControl "180+1"]
[Date "2022.04.05"]
[WhiteClock "0:00:16"]
[BlackClock "0:00:33"]

1. e4 c5 2. Nf3 d6 3. d4 cxd4 4. Nxd4 Nf6 5. Nc3 Nc6 6. Be2 e5 7. Nb3 Be7 8. O-O O-O 9. a4 a5 10. Bf3 Nb4 11. Re1 Be6 12. Nd5 Nfxd5 13. exd5 Bf5 14. Be4 Bxe4 15. Rxe4 f5 16. Re2 b6 17. f4 Bf6 18. c3 Na6 19. Qd3 Nc5 20. Nxc5 bxc5 21. Qxf5 exf4 22. Qe6+ Kh8 23. Bxf4 Ra6 24. Rae1 h6 25. Kh1 Rb6 26. Bc1 Be5 27. Re4 Rb7 28. h3 Re7 29. Qg4 Ref7 30. Qd1 Qf6 31. Be3 Bg3 32. Rg1 Re7 33. Rxe7 Qxe7 34. Qd3 Qh4 35. c4 Be5 36. Bd2 Rf2 37. Bc3 Bf4 38. Qg6 Qe7 39. Qg4 Bd2 40. Bxd2 Rxd2 41. Qc8+ Kh7 42. Qf5+ g6 43. Qf3 Rxb2 44. Qc3 Re2 45. Qxa5 Re4 46. Qb5 h5 47. a5 Re1 48. Rxe1 Qxe1+ 49. Kh2 Qe5+ 50. Kh1 Qe1+ 51. Kh2 Qe5+ 52. Kh1 Qe1+ 1/2-1/2


[Site "https://www.chess.com"]

[Event "Titled Tuesday Blitz April 05 Early 2022"]
[White "Kosteniuk, Alexandra"]
[Black "Tymrakiewicz, Rafal"]
[WhiteFideId "4128125"]
[BlackFideId "1108832"]
[WhiteElo "2469"]
[BlackElo "2205"]
[Result "1-0"]
[Round "02"]
[TimeControl "180+1"]
[Date "2022.04.05"]
[WhiteClock "0:00:20"]
[BlackClock "0:00:03"]

1. d4 Nf6 2. Nf3 g6 3. c4 Bg7 4. Nc3 O-O 5. e4 d6 6. Be2 e5 7. O-O Nc6 8. d5 Nb8 9. Nd2 a5 10. a3 Nfd7 11. Rb1 f5 12. b4 Nf6 13. c5 Na6 14. cxd6 cxd6 15. Nc4 axb4 16. axb4 f4 17. f3 g5 18. Nb5 Ne8 19. Qe1 Rf6 20. Qf2 Bd7 21. Nb6 Rb8 22. Nxd7 Qxd7 23. Bd2 Bf8 24. Rfc1 h5 25. h3 Rg6 26. Na3 g4 27. fxg4 hxg4 28. Bxg4 Rxg4 29. hxg4 Qxg4 30. Qf3 Qg6 31. Rc4 Nf6 32. Rbc1 Nh5 33. Be1 Be7 34. Qh3 Rf8 35. Rc8 Bd8 36. Qe6+ Qxe6 37. dxe6 1-0


[Site "https://www.chess.com"]

[Event "Titled Tuesday Blitz April 05 Early 2022"]
[White "Kozak, Antoni"]
[Black "Fedoseev, Vladimir"]
[WhiteFideId "21832030"]
[BlackFideId "24130737"]
[WhiteElo "2236"]
[BlackElo "2726"]
[Result "1/2-1/2"]
[Round "02"]
[TimeControl "180+1"]
[Date "2022.04.05"]
[WhiteClock "0:00:02"]
[BlackClock "0:00:08"]

1. d4 Nf6 2. Nf3 g6 3. Bf4 Bg7 4. e3 O-O 5. h3 c5 6. Be2 Qb6 7. Qc1 Nc6 8. c3 d6 9. O-O cxd4 10. exd4 Nd5 11. Bg3 e5 12. dxe5 dxe5 13. Nbd2 f6 14. Qc2 Be6 15. Rfd1 Rad8 16. Bc4 Na5 17. Bf1 Bf5 18. Qa4 Bd7 19. Qc2 Kh8 20. b4 Nc6 21. Nc4 Bf5 22. Nxb6 Bxc2 23. Nxd5 Bxd1 24. Rxd1 e4 25. Ne1 f5 26. Nc2 f4 27. Bh4 Rd7 28. Bc4 h6 29. f3 g5 30. Be1 Ne5 31. Be2 e3 32. c4 Rfd8 33. a4 Nc6 34. Kf1 Be5 35. b5 Nb8 36. Bb4 Kg7 37. Bd3 Rf7 38. Be4 Rc8 39. Na3 Nd7 40. Ke2 Nc5 41. Bxc5 Rxc5 42. Rd3 Bb2 43. a5 Bxa3 44. Rxa3 Rxc4 45. b6 axb6 46. axb6 Rd4 47. Rc3 Rd2+ 48. Ke1 Rxg2 49. Rc7 Rb2 50. Rc3 Kf8 51. Rc7 Rb5 52. Rc8+ Kg7 53. Rc7 Rb3 54. Rc8 h5 55. Rc7 Kf8 56. Rc8+ Kg7 57. Rc7 Rb2 58. Ne7 Rxb6 59. Bxb7 Re6 60. Nf5+ Kf6 61. Rxf7+ Kxf7 62. Bd5 Kf6 63. Bxe6 Kxe6 64. Ng7+ Kf6 65. Ne8+ Kf5 66. Ng7+ Kf6 67. Ne8+ Ke5 68. Ke2 Ke6 69. Ng7+ Kf7 70. Nf5 Kf6 71. Nd6 Ke6 72. Ne4 Kf5 73. Nd6+ Ke5 74. Nc4+ Kf5 75. Nd6+ Ke6 76. Ne4 Kf5 77. Nd6+ 1/2-1/2


[Site "https://www.chess.com"]

[Event "Titled Tuesday Blitz April 05 Early 2022"]
[White "Kryakvin, Dmitry"]
[Black "Gracia Alvarez, Gerardo Antonio"]
[WhiteFideId "4153278"]
[BlackFideId "5109124"]
[WhiteElo "2422"]
[BlackElo "2139"]
[Result "1-0"]
[Round "02"]
[TimeControl "180+1"]
[Date "2022.04.05"]
[WhiteClock "0:00:18"]
[BlackClock "0:00:06"]

1. d4 d5 2. c4 e6 3. Nc3 a6 4. cxd5 exd5 5. Nf3 c6 6. e4 dxe4 7. Ng5 Nf6 8. Bc4 Nd5 9. Ngxe4 Be7 10. Qb3 O-O 11. Nxd5 cxd5 12. Bxd5 Nc6 13. Bxc6 bxc6 14. Be3 Bf5 15. Nc5 Rb8 16. Qc3 Bxc5 17. dxc5 Qd3 18. Qxd3 Bxd3 19. O-O-O Bc4 20. b3 Bd5 21. f3 Rfe8 22. Rhe1 f6 23. Bf4 Ra8 24. Kd2 Kf7 25. Rxe8 Rxe8 26. Be3 a5 27. Rc1 a4 28. bxa4 Ra8 29. a3 Rxa4 30. Rc3 Ke6 31. Bf2 g5 32. h3 h5 33. Bg3 g4 34. hxg4 hxg4 35. Bd6 gxf3 36. gxf3 Kf5 37. f4 Ke4 38. Re3+ Kd4 39. Be7 f5 40. Bd6 Be4 41. Rc3 Rc4 42. Rb3 Rc2+ 43. Ke1 Ra2 44. Rg3 Ra1+ 45. Kd2 Ra2+ 46. Kc1 Ra1+ 47. Kb2 Rb1+ 48. Ka2 Rf1 49. a4 Kc4 50. Rb3 Ra1+ 51. Kxa1 Kxb3 52. a5 Bd3 53. Bc7 Kb4 54. Bb6 Kc4 55. Kb2 Kd5 56. Kc3 Ba6 57. Kd2 Ke4 58. Bc7 Kd5 59. Bd6 Kd4 60. Kc2 Bb5 61. Kb3 Kd5 62. Kc3 Ke4 63. Be5 Kd5 64. Kb4 Ke4 65. Kc3 Kd5 66. Bd6 Ke4 67. Kd2 Kd4 68. Ke1 Ke4 69. Kf2 Kd4 70. Kg3 Ke4 71. Kh4 Kd5 72. Kg5 Ke4 73. Kf6 Ba6 74. Ke6 Kd4 75. Kxf5 Bd3+ 76. Kg5 Kc4 77. f5 Kb5 78. f6 Bc4 79. Kg6 Kxa5 80. f7 Bxf7+ 81. Kxf7 Ka6 82. Ke7 Kb7 83. Kd7 Ka7 84. Kxc6 Ka8 85. Kd7 Kb7 86. c6+ Ka7 87. c7 Kb6 1-0


[Site "https://www.chess.com"]

[Event "Titled Tuesday Blitz April 05 Early 2022"]
[White "Kucuksari, Kaan"]
[Black "Baker, Chris W"]
[WhiteFideId "6380166"]
[BlackFideId "401676"]
[WhiteElo "2305"]
[BlackElo "2135"]
[Result "1-0"]
[Round "02"]
[TimeControl "180+1"]
[Date "2022.04.05"]
[WhiteClock "0:00:31"]
[BlackClock "0:00:02"]

1. d4 Nf6 2. c4 e6 3. g3 d5 4. Nf3 Be7 5. Bg2 O-O 6. O-O dxc4 7. Qc2 a6 8. a4 c5 9. dxc5 Bxc5 10. Qxc4 Qe7 11. Nc3 Nc6 12. Bg5 Na5 13. Qh4 h6 14. Bxf6 Qxf6 15. Qxf6 gxf6 16. Ne4 Be7 17. Rfd1 Nc4 18. b3 Nb6 19. Rac1 Nd5 20. Nc3 Nxc3 21. Rxc3 f5 22. Rc7 Bd8 23. Rc4 Bf6 24. Rc7 Bd8 25. Rcc1 Bf6 26. Nd4 Rd8 27. e3 Rd6 28. a5 Kf8 29. b4 Ke7 30. Rc7+ Rd7 31. Rxd7+ Bxd7 32. Bxb7 Rb8 33. Bxa6 Rxb4 34. Bf1 Ra4 35. a6 Bxd4 36. exd4 Bc6 37. h4 Kd6 38. Kh2 Bf3 39. Rd2 Kd5 40. g4 fxg4 41. Kg3 f6 42. Bb5 Ra3 43. Kf4 1-0


[Site "https://www.chess.com"]

[Event "Titled Tuesday Blitz April 05 Early 2022"]
[White "Lamaze, Simon"]
[Black "Al-Tarboush, Ward"]
[WhiteFideId "36069264"]
[BlackFideId "7601450"]
[WhiteElo "1999"]
[BlackElo "2276"]
[Result "1-0"]
[Round "02"]
[TimeControl "180+1"]
[Date "2022.04.05"]
[WhiteClock "0:00:17"]
[BlackClock "0:00:42"]

1. d4 d5 2. c4 c6 3. Nf3 Nf6 4. g3 dxc4 5. Bg2 g6 6. O-O Bg7 7. Ne5 O-O 8. Nxc4 Nbd7 9. Nc3 Nb6 10. Ne5 Nfd7 11. Nf3 e5 12. dxe5 Nxe5 13. Qxd8 Rxd8 14. Bg5 f6 15. Nxe5 fxg5 16. Nf3 h6 17. Rad1 Be6 18. Nd2 Bxc3 19. bxc3 Bxa2 20. Ne4 Kg7 21. Nc5 Rxd1 22. Rxd1 Rb8 23. Ra1 Bc4 24. Rxa7 Bxe2 25. Bxc6 Kf6 26. Rxb7 Rxb7 27. Bxb7 Ke5 28. Be4 Nd5 29. Bxg6 Nxc3 30. Nb3 Bd1 31. Nd2 Kf6 32. Bd3 Ba4 33. f3 Bc6 34. Kf2 Nd1+ 35. Ke2 Nc3+ 36. Ke3 Nd1+ 37. Kd4 Nf2 38. Bf1 Kf5 39. Be2 h5 40. Ke3 Nh3 41. Bd3+ Kf6 42. Nc4 g4 43. f4 Ng1 44. Ne5 Be8 45. Be4 Nh3 46. Bg2 Ng5 47. fxg5+ Kxe5 48. Be4 Bd7 49. g6 Kf6 50. Kf4 Be8 51. Bd3 Bxg6 52. Bxg6 Kxg6 53. Ke5 Kg5 54. Ke6 Kg6 55. Ke5 Kg5 56. Ke4 Kg6 57. Kd4 Kf5 58. Kd5 Kf6 59. Kd4 Kf5 60. Kd5 Kf6 61. Kd6 Kf5 62. Ke7 Ke4 63. Kf6 Kf3 64. Kg5 Kg2 65. Kxh5 Kxh2 66. Kxg4 1-0


[Site "https://www.chess.com"]

[Event "Titled Tuesday Blitz April 05 Early 2022"]
[White "Lashkin, Jegor"]
[Black "Derraugh, Geordie"]
[WhiteFideId "13907808"]
[BlackFideId "2603950"]
[WhiteElo "2368"]
[BlackElo "2116"]
[Result "1-0"]
[Round "02"]
[TimeControl "180+1"]
[Date "2022.04.05"]
[WhiteClock "0:01:08"]
[BlackClock "0:00:33"]

1. Nf3 Nf6 2. e3 g6 3. d4 Bg7 4. Bd3 O-O 5. O-O d5 6. b3 c5 7. Bb2 Ne4 8. Nbd2 f5 9. c4 e6 10. Qe2 Nc6 11. Rfd1 Qc7 12. Rac1 Bd7 13. cxd5 exd5 14. Nb1 cxd4 15. Nxd4 Rae8 16. Nb5 Qb8 17. Bxg7 Kxg7 18. Bxe4 fxe4 19. Rxd5 Be6 20. Qb2+ Kg8 21. Rd6 a6 22. Rdxc6 bxc6 23. Nd4 Bd5 24. Nc3 Qe5 25. Nce2 Rc8 26. b4 Qf6 27. Nf4 Rb8 28. Qd2 g5 29. Nh5 Qf7 30. Ng3 Bxa2 31. Ngf5 Kh8 32. Qb2 Bd5 33. Nxc6+ Qf6 34. Qxf6+ Rxf6 35. Nxb8 Rxf5 36. Nxa6 Rf6 37. Nc7 Bb7 38. b5 h6 39. Kf1 Kg8 40. Rc5 Kf8 41. Nd5 Rf5 42. Nb6 Rf7 43. Nc4 Rd7 44. Ke1 Ke7 45. Na5 Bd5 46. b6 Kd6 47. Rb5 Rd8 48. b7 Rb8 49. Kd2 Bc6 50. Nxc6 Kxc6 51. Rb2 Rxb7 52. Rxb7 Kxb7 53. Kc3 1-0


[Site "https://www.chess.com"]